 Dungeon Crawl Stone Soup version 0.17-a0-1181-gabc46e6 (webtiles) character file.

2856 Chiseanne the Covert (level 9, -5/63 HPs)
             Began as an Octopode Monk on June 1, 2015.
             Slain by a wight
             ... wielding a +3 halberd
              (11 damage)
             ... on level 7 of the Dungeon.
             The game lasted 00:28:43 (9007 turns).

Chiseanne the Covert (Octopode Monk)                Turns: 9007, Time: 00:28:43

Health: -5/63      AC:  1    Str: 14    XL:     9   Next: 75%
Magic:  9/9        EV: 17    Int: 13    God:
Gold:   317        SH:  0    Dex: 15    Spells: 0 memorised, 8 levels left

rFire  . . .     SeeInvis .     s - +2 glaive (flame)
rCold  . . .     Clarity  .     (no shield)
rNeg   + + .     SustAt   .     v - +0 hat
rPois  .         Gourm    .     D - amulet of warding
rElec  .         Spirit   .     p - ring of positive energy (curse)
rCorr  .         Warding  +     r - +2 ring of strength
rMut   .         Stasis   .     (no ring)
MR     .....                    (no ring)
Stlth  +++++++...               (no ring)
                                (no ring)
                                (no ring)
                                (no ring)

@: drained, not resistant to hostile enchantments, extremely stealthy
A: almost no armour, amphibious, 8 rings, constrict 8, camouflage 1, gelatinous
body 1
a: no special abilities


You were on level 7 of the Dungeon.
You were very hungry.

You visited 1 branch of the dungeon, and saw 7 of its levels.

You collected 317 gold pieces.

Inventory:

Hand weapons
 a - a +1 whip of freezing
 h - a +0 hand crossbow
 s - a +2 glaive of flaming (weapon)
 w - a +0 blowgun
Missiles
 c - 16 arrows
 e - 6 tomahawks (quivered)
 g - 38 poisoned needles
 j - 19 bolts
 l - 14 silver bolts
 m - 66 sling bullets
 o - a throwing net
 u - 8 needles of sleeping
 B - 17 arrows of frost
Armour
 v - a +0 hat (worn)
Jewellery
 p - a cursed ring of positive energy (left tentacle)
 r - a +2 ring of strength (right tentacle)
 D - an amulet of warding (around mantle)
Magical devices
 b - a wand of enslavement (10)
 q - a wand of confusion (21)
 A - a wand of disintegration (9)
 H - a wand of disintegration (14)
 I - a wand of draining (4)
Scrolls
 f - a scroll of magic mapping
 n - 8 scrolls of remove curse
 x - a scroll of immolation
Potions
 d - 2 potions of ambrosia
 z - 2 potions of flight
 C - a potion of magic
 F - a potion of cancellation {unknown}
 G - a potion of cure mutation
Books
 t - a book of Power

   Spells                             Type                      Level
   a - Fulminant Prism                Conjuration/Hexes            4
   b - Iskenderun's Mystic Blast      Conjuration                  4
   c - Venom Bolt                     Conjuration/Poison           5
   d - Bolt of Magma                  Conjuration/Fire/Earth       5
   e - Iron Shot                      Conjuration/Earth            6
   f - Orb of Destruction             Conjuration                  7
   g - Spellforged Servitor           Conjuration/Summoning        7
Comestibles
 i - 3 slices of pizza
 k - 6 meat rations
 y - 2 bread rations


   Skills:
 * Level 6.7(6.6) Fighting
 * Level 8.5(8.4) Dodging
 * Level 12.1 Stealth
 - Level 4.0(3.9) Unarmed Combat


You had 8 spell levels left.
You didn't know any spells.

Dungeon Overview and Level Annotations

Branches:
Dungeon (7/15)
 Temple: D:4-7

Altars:
Elyvilon
Kikubaaqudgha
Okawaru
Trog
Vehumet
Xom
Yredelemnul

Shops:
D:4 }

Annotations:
D:6 Eustachio


Innate Abilities, Weirdness & Mutations

You cannot wear most types of armour.
You are amphibious.
You can wear up to eight rings at the same time.
You can use your tentacles to constrict eight enemies at once.
Your skin changes colour to match your surroundings (Stealth).
Your rubbery body absorbs attacks (AC +1).


Message History

Deactivating autopickup; reactivate with Ctrl-A.
You hit the wight. You burn the wight. You grab the wight.
The wight is lightly damaged.
You constrict the wight! You constrict the orc.
You kill the orc!
The wight hits you from afar with an enchanted halberd!
The wight completely misses you. Something hits you.
* * * LOW HITPOINT WARNING * * *
The wight closely misses you. The wight completely misses you.
You barely miss something. You constrict the wight.
Something hits you but does no damage. The wight barely misses you.
The wight hits you from afar with an enchanted halberd!
* * * LOW HITPOINT WARNING * * *
Something hits you.
* * * LOW HITPOINT WARNING * * *
The wight misses you.
You barely miss something. You constrict the wight.
You destroy the wight!
The wight hits you from afar with an enchanted halberd!
You die...

..........# ##)####..#
..........###)........
........[.'.).........
..........####........
..........# #.####...
......(...####........
... #.#........ ..
#.#)###.#.. .
#.)@....... #z#{......#
#.....#.###...#
###.o.#.# ... ###.#.#.#
.. #..o..#.# ...#
#.o.#.#.# #...# ..#
'...#.#.###...##.......
#
#...#.#................#


You could see a wight.

Vanquished Creatures
  Grinder (D:3)
  Prince Ribbit (D:6)
  A hippogriff (D:7)
  Duvessa (D:6)
  An ice beast (D:6)
  An orc warrior (D:7)
  A sky beast (D:6)
  2 ogres
  A centaur (D:7)
  2 giant frogs (D:6)
  A gnoll sergeant (D:6)
  Dowan (D:6)
  2 scorpions (D:6)
  7 wights (D:7)
  A centaur zombie (D:7)
  A crimson imp (D:6)
  4 giant frog skeletons
  2 centaur skeletons
  3 hounds
  5 orc priests
  4 orc wizards
  Terence (D:3)
  2 worker ants
  A hound skeleton (D:4)
  8 gnolls
  7 adders
  3 oozes
  An adder zombie (D:6)
  A worm (D:2)
  An adder skeleton (D:6)
  4 giant geckos
  17 orcs
  16 bats
  2 bat skeletons (D:4)
  A bat zombie (D:5)
  8 giant cockroaches
  9 hobgoblins
  3 jackals (D:4)
  14 kobolds
  2 quokkas
  5 ball pythons
  A giant gecko skeleton (D:6)
  2 giant newts
  14 goblins
  13 rats
179 creatures vanquished.

Vanquished Creatures (collateral kills)
  The ghost of Goodini51 the Magician, an average HuWn (D:4)
  A water moccasin skeleton (D:4)
  An orc priest (D:4)
  A worker ant (D:4)
  2 gnolls (D:5)
  3 orcs
9 creatures vanquished.

Vanquished Creatures (others)
  A centaur (D:5)
  A jackal (D:4)
  A ball python skeleton (D:4)
3 creatures vanquished.

Grand Total: 191 creatures vanquished

Notes
Turn   | Place    | Note
--------------------------------------------------------------
     0 | D:1      | Chiseanne the Octopode Monk began the quest for the Orb.
     0 | D:1      | Reached XP level 1. HP: 16/16 MP: 1/1
   508 | D:1      | Reached XP level 2. HP: 21/21 MP: 2/2
   764 | D:1      | Reached XP level 3. HP: 24/26 MP: 3/3
  1074 | D:2      | Found a shimmering altar of Xom.
  1514 | D:2      | Found a bloodstained altar of Trog.
  1518 | D:2      | Reached XP level 4. HP: 28/33 MP: 4/4
  2391 | D:3      | Reached skill level 5 in Stealth
  2391 | D:3      | Reached XP level 5. HP: 16/37 MP: 5/5
  2594 | D:3      | Found a radiant altar of Vehumet.
  2784 | D:3      | Noticed Terence
  3042 | D:4      | Reached skill level 6 in Stealth
  3174 | D:4      | Reached XP level 6. HP: 25/43 MP: 6/6
  3881 | D:3      | Noticed Grinder
  3884 | D:3      | Paralysed by Grinder for 4 turns
  3897 | D:3      | Killed Grinder
  3897 | D:3      | Reached skill level 7 in Stealth
  3897 | D:3      | Reached XP level 7. HP: 49/49 MP: 7/7
  4118 | D:3      | Killed Terence
  4197 | D:4      | Found Malar's Gadget Emporium.
  4241 | D:4      | Noticed Goodini51's ghost (average HuWn)
  4270 | D:4      | Killed Goodini51's ghost
  4270 | D:4      | Reached skill level 8 in Stealth
  4282 | D:4      | Reached skill level 5 in Dodging
  4333 | D:4      | Reached skill level 5 in Fighting
  5013 | D:5      | Entered Level 5 of the Dungeon
  5013 | D:5      | Found a basalt altar of Yredelemnul.
  5043 | D:5      | Found an ancient bone altar of Kikubaaqudgha.
  5385 | D:5      | Reached skill level 9 in Stealth
  5385 | D:5      | Reached XP level 8. HP: 26/55 MP: 8/8
  5632 | D:5      | Found a white marble altar of Elyvilon.
  6036 | D:6      | Noticed Eustachio
  6526 | D:6      | Reached skill level 10 in Stealth
  6632 | D:6      | Noticed Duvessa
  6638 | D:6      | Noticed Dowan
  6650 | D:6      | Killed Duvessa
  6658 | D:6      | Killed Dowan
  7198 | D:6      | HP: 2/57 [ice beast (8)]
  7223 | D:6      | HP: 1/57 [ice beast (7)]
  7226 | D:6      | Reached skill level 11 in Stealth
  7226 | D:6      | Reached XP level 9. HP: 11/62 MP: 9/9
  7228 | D:6      | Noticed Prince Ribbit
  7546 | D:6      | Killed Prince Ribbit
  7831 | D:6      | Found an iron altar of Okawaru.
  8781 | D:7      | Noticed a hill giant
  8858 | D:7      | Reached skill level 12 in Stealth
  9007 | D:7      | Slain by a wight

Vault maps used:
D:1:      dpeg_arrival_boxorama, interstate_on_off, grunt_decor_resistance,
          st_stairs_12
D:2:      bloody_trog, grunt_decor_cap, xom_teletrap_fun
D:3:      nicolae_overflow_hidden_temple, first_bread, uniq_grinder,
          uniq_terence
D:4:      serial_shops, shop_statue
D:5:      overflow_temple_1_default, kennysheep_mini_moat,
          kiku_gazebo_pond_becter
D:6:      basic_altar, uniq_duvessa, uniq_eustachio, uniq_prince_ribbit1
D:7:      minmay_temple_entry_crystal_x, uniq_joseph

Action                   |  1- 3 |  4- 6 |  7- 9 || total
-------------------------+-------+-------+-------++-------
Melee: Unarmed           |    89 |   101 |    95 ||   285
       Whip              |       |       |   108 ||   108
       Glaive            |       |       |    59 ||    59
Throw: Tomahawk          |       |       |     9 ||     9
Evoke: Wand              |       |       |    27 ||    27
  Use: Scroll            |     3 |     5 |     9 ||    17
       Potion            |       |     6 |    12 ||    18
 Stab: Sleeping          |    12 |    12 |    19 ||    43
       Distracted        |       |     1 |     2 ||     3
       Confused          |       |       |     2 ||     2
  Eat: Chunk             |     2 |     7 |    11 ||    20
       Beef jerky        |       |       |     2 ||     2
       Royal jelly       |       |       |     1 ||     1
